Kradschützen Motorcycle Team
Selects Panzerjäger Kommand Battlegroup
Construct Light Support Kompanie
Selects GrB 39 Grenade Launcher Requisition
Construct Mechanized Kompanie
Selects Defensive Positions
Marder III Tank Destroyer
Construct Panzerarmee Kommand
Selects Butterfly Bomb Drop
Selects Crew Shock Tactics
Selects Butterfly Bomb Drop
Selects Crew Shock Tactics
Walking Stuka Rocket Launcher
Selects Elefant Tank Destroyer
Flak 36 Anti-tank Gun Team